 Dungeon Crawl Stone Soup version 0.20.0-15-g7f486f2 (webtiles) character file.

4202 Naow the Grappler (level 10, 0/100 HPs)
             Began as a Troll Monk on June 16, 2017.
             Was an Elder of Okawaru.
             Slain by an orc wizard
             ... wielding a +0 dagger
              (1 damage)
             ... on level 8 of the Dungeon.
             The game lasted 00:08:47 (7398 turns).

Naow the Grappler (Troll Monk)                      Turns: 7398, Time: 00:08:48

Health: 0/100      AC:  6    Str: 24    XL:     10   Next: 8%
Magic:  9/11       EV: 13    Int:  6    God:    Okawaru [****..]
Gold:   474        SH:  0    Dex: 12    Spells: 9/9 levels left

rFire    . . .     SeeInvis .     - Unarmed
rCold    . . .     Gourm    +   (no shield)
rNeg     . . .     Faith    .   a - +0 robe
rPois    .         Spirit   .   (helmet restricted)
rElec    .         Reflect  .   E - +0 cloak
rCorr    .         Harm     .   (gloves unavailable)
MR       .....                  (boots unavailable)
Stlth    +++.......             h - amulet of the gourmand
Regen    0.7/turn               (no ring)
MPRegen  0.2/turn               (no ring)

@: heroism
A: unfitting armour, claws 3, fast metabolism 3, gourmand, regeneration 1,
shaggy fur 1, tough skin 2
a: Heroism, Renounce Religion


You were on level 8 of the Dungeon.
You worshipped Okawaru.
Okawaru was greatly pleased with you.
You were completely stuffed.

You visited 2 branches of the dungeon, and saw 9 of its levels.
You also visited: Ossuary.

You collected 474 gold pieces.

Inventory:

Armour
 a - a +0 robe (worn)
 E - a +0 cloak (worn)
Jewellery
 h - an amulet of the gourmand (around neck)
 S - an uncursed ring of magical power {unknown}
 U - an uncursed ring of fire {unknown}
Wands
 q - a wand of polymorph (19/24)
 s - a wand of random effects (26/48)
 v - a wand of confusion (18/48)
 x - a wand of random effects (28/48)
 B - a wand of iceblast (10/15)
 L - a wand of acid (13/15)
 M - a wand of iceblast (10/15)
 Q - a wand of polymorph (8/24)
 R - a wand of confusion (16/48)
Scrolls
 c - 2 scrolls of immolation {unknown}
 d - a scroll of recharging {unknown}
 f - 10 scrolls of identify {unknown}
 g - 6 scrolls of magic mapping {unknown}
 k - 2 scrolls of enchant weapon {unknown}
 n - a scroll of blinking {unknown}
 p - 2 scrolls of enchant armour {unknown}
 t - 2 scrolls of teleportation {unknown}
 u - a scroll of fear {unknown}
 y - 9 scrolls of remove curse {unknown}
 z - a scroll of amnesia {unknown}
 C - a scroll of random uselessness {unknown}
 I - 2 scrolls of fog {unknown}
 O - a scroll of silence {unknown}
Potions
 e - 3 potions of brilliance
 i - 8 potions of curing
 l - a potion of cancellation {unknown}
 m - 2 potions of haste {unknown}
 o - a potion of magic {unknown}
 r - a potion of berserk rage {unknown}
 w - 3 potions of heal wounds
 F - 2 potions of resistance {unknown}
 G - a potion of flight {unknown}
 H - a potion of mutation {unknown}
 K - a potion of invisibility {unknown}
 T - a potion of agility {unknown}
Books
 A - a book of Necromancy

   Spells                             Type                      Level
   a - Pain                           Necromancy                   1
   b - Animate Skeleton               Necromancy                   1
   c - Vampiric Draining              Necromancy                   3
   d - Regeneration                   Charms/Necromancy            3
   e - Animate Dead                   Necromancy                   4
   f - Control Undead                 Necromancy                   4
 J - a book of Callings

   Spells                             Type                      Level
   a - Summon Small Mammal            Summoning                    1
   b - Call Imp                       Summoning                    2
   c - Call Canine Familiar           Summoning                    3
   d - Summon Guardian Golem          Hexes/Summoning              3
   e - Summon Lightning Spire         Summoning/Air                4
   f - Summon Ice Beast               Ice/Summoning                4
 P - a book of Changes

   Spells                             Type                      Level
   a - Beastly Appendage              Transmutation                1
   b - Sticks to Snakes               Transmutation                2
   c - Spider Form                    Transmutation/Poison         3
   d - Ice Form                       Ice/Transmutation            4
   e - Blade Hands                    Transmutation                5
Comestibles
 b - 11 bread rations
 j - 7 meat rations
 D - 7 fruits
 N - 5 royal jellies


   Skills:
 - Level 6.3(11.3) Fighting
 - Level 2.4(7.4) Dodging
 - Level 1.0(6.0) Stealth
 * Level 12.1(17.1) Unarmed Combat
 + Level 3.8 Invocations


You had 9 spell levels left.
You didn't know any spells.

Dungeon Overview and Level Annotations

Branches:
Dungeon (8/15)             Temple (1/1) D:5
   Lair: D:8-11

Altars:
Ashenzari
Cheibriados
Dithmenos
Elyvilon
Fedhas
Hepliaklqana
Kikubaaqudgha
Makhleb
Okawaru
Qazlal
Sif Muna
Trog
Uskayaw
Vehumet
Xom
Yredelemnul
Zin
The Shining One

Shops:
D:8 [[


Innate Abilities, Weirdness & Mutations

You are too large for most types of armour.
You have claws for hands.
Your metabolism is lightning-fast.
You like to eat raw meat.
Your natural rate of healing is unusually fast.
You are covered in fur. (AC +1)
You have very tough skin. (AC +2)


Message History

The orc hits you with a flail.
The orc warrior hits you with a scimitar!
* * * LOW HITPOINT WARNING * * *
You gain the combat prowess of a mighty hero.
The orc wizard hits you but does no damage.
The orc wizard gestures at you while chanting.
The puff of frost hits you!
* * * LOW HITPOINT WARNING * * *
The orc closely misses you.
The orc warrior hits you with a scimitar!
* * * LOW HITPOINT WARNING * * *
You barely miss the orc warrior.
The orc warrior is almost dead.
The orc wizard hits you but does no damage.
You scratch the orc wizard.
The orc wizard is moderately wounded.
The orc wizard closely misses you. The orc hits you with a flail!
* * * LOW HITPOINT WARNING * * *
The orc wizard hits you with a dagger.
You die...

### #.. #.# #####.# .
#.....# .## #....#
#.....# ..# #....#
#..oo.###.# #....#
#..o@...#.# #....#
#..o..#...# #....#
#.....#.∩.# #....#
#.....#...#####....##
....)....#.......####.
..................'....
...................#....
...................#....
...............##..#


You could see an orc warrior, 2 orc wizards and an orc.

Vanquished Creatures
  A cyclops (D:8)
  Sigmund (D:3)
  2 yaks (D:7)
  A human (D:7)
  2 hogs (D:7)
  A water moccasin (D:8)
  An orc warrior (D:7)
  2 phantoms (D:4)
  4 ogres
  3 centaurs
  A big kobold (D:8)
  A gnoll sergeant (D:6)
  3 bullfrogs
  2 scorpions (D:4)
  4 water moccasin zombies (Ossuary)
  A water moccasin skeleton (D:5)
  A howler monkey (D:4)
  2 crimson imps
  Crazy Yiuf (D:6)
  4 hounds
  3 jellies
  3 orc priests
  Ijyb (D:2)
  3 iguanas
  7 orc wizards
  Natasha (thrice) (D:2)
  5 worker ants
  2 big kobold zombies (Ossuary)
  A hound skeleton (D:7)
  2 mummies (Ossuary)
  A worker ant zombie (D:5)
  5 gnolls
  12 adders
  A shadow imp (D:5)
  An ooze (D:8)
  An adder skeleton (D:4)
  4 adder zombies (Ossuary)
  A worm (D:2)
  2 dart slugs (D:3)
  3 leopard geckos
  26 orcs
  5 giant cockroaches
  11 goblins
  12 hobgoblins
  4 jackals (D:5)
  2 quokkas
  2 ball pythons
  11 bats
  4 frilled lizards
  5 gnoll zombies (Ossuary)
  7 hobgoblin zombies (Ossuary)
  20 kobolds
  4 kobold zombies (Ossuary)
  7 orc zombies (Ossuary)
  10 rats
229 creatures vanquished.

Notes
Turn   | Place    | Note
-------+----------+-------------------------------------------
     0 | D:1      | Naow the Troll Monk began the quest for the Orb.
     0 | D:1      | Reached XP level 1. HP: 22/22 MP: 0/0
   799 | D:2      | Reached XP level 2. HP: 29/29 MP: 1/1
  1037 | D:2      | Reached XP level 3. HP: 36/36 MP: 2/2
  1155 | D:2      | Reached skill level 4 in Unarmed Combat
  1236 | D:2      | Noticed Natasha
  1241 | D:2      | Killed Natasha
  1324 | D:2      | Noticed Natasha
  1326 | D:2      | Reached XP level 4. HP: 43/45 MP: 3/3
  1332 | D:2      | Killed Natasha
  1348 | D:2      | Noticed Natasha
  1353 | D:2      | Killed Natasha
  1621 | D:3      | Noticed Sigmund
  1641 | D:3      | Noticed Ijyb
  1655 | D:2      | Killed Ijyb
  1655 | D:2      | Reached skill level 5 in Unarmed Combat
  1655 | D:2      | Reached XP level 5. HP: 45/53 MP: 4/4
  1729 | D:3      | Killed Sigmund
  1729 | D:3      | Reached skill level 6 in Unarmed Combat
  1729 | D:3      | Reached XP level 6. HP: 14/62 MP: 5/5
  2238 | D:4      | Found a radiant altar of Vehumet.
  2270 | D:4      | Reached XP level 7. HP: 55/70 MP: 6/6
  2359 | D:4      | Reached skill level 7 in Unarmed Combat
  2775 | D:4      | Reached skill level 8 in Unarmed Combat
  3133 | D:4      | Reached skill level 5 in Fighting
  3285 | D:5      | Entered Level 5 of the Dungeon
  3302 | D:5      | Reached XP level 8. HP: 71/80 MP: 7/7
  3602 | D:5      | Found a staircase to the Ecumenical Temple.
  3625 | Temple   | Entered the Ecumenical Temple
  3676 | Temple   | Became a worshipper of Warmaster Okawaru
  3676 | Temple   | Reached * piety under Okawaru
  3676 | Temple   | Reached ** piety under Okawaru
  3935 | D:5      | Reached skill level 9 in Unarmed Combat
  4501 | D:6      | Found a shattered altar of Ashenzari.
  4790 | D:6      | Found a basalt altar of Yredelemnul.
  5124 | D:6      | Found a runed door.
  5128 | D:6      | Noticed Crazy Yiuf
  5132 | D:6      | Killed Crazy Yiuf
  5353 | D:7      | Found a stormy altar of Qazlal.
  5386 | D:7      | Reached skill level 10 in Unarmed Combat
  5389 | D:7      | Reached XP level 9. HP: 55/89 MP: 5/8
  5637 | D:7      | Reached *** piety under Okawaru
  5637 | D:7      | Reached skill level 1 in Invocations
  5826 | D:7      | Reached skill level 11 in Unarmed Combat
  6543 | D:8      | Found a sand-covered staircase.
  6560 | Ossuary  | Entered an ossuary
  6836 | D:8      | Found a blossoming altar of Fedhas.
  6864 | D:8      | Found Yvvoepla's Antique Armour Shop.
  7063 | D:8      | Noticed a cyclops
  7070 | D:8      | Killed a cyclops
  7070 | D:8      | Reached **** piety under Okawaru
  7070 | D:8      | Reached skill level 12 in Unarmed Combat
  7070 | D:8      | Reached XP level 10. HP: 24/100 MP: 8/11
  7382 | D:8      | Found Nampym Tuasch's Antique Armour Emporium.
  7398 | D:8      | HP: 1/100 [orc/flail (9)]
  7398 | D:8      | Slain by an orc wizard

Skill      XL: |  1  2  3  4  5  6  7  8  9 |
---------------+----------------------------+-----
Unarmed Combat | 4 5 6 8 10 12 | 12.1
Fighting       | 3 4 5 6 |  6.3
Invocations    | 3 |  3.8
Dodging        | |  2.4
Stealth        | |  1.0

Action                   |  1- 3 |  4- 6 |  7- 9 | 10-12 || total
-------------------------+-------+-------+-------+-------++-------
Melee: Unarmed           |    63 |   119 |   396 |    13 ||   591
       Punch             |       |       |    13 |     1 ||    14
Invok: Heroism           |       |       |     3 |     1 ||     4
  Use: Potion            |       |       |     3 |       ||     3
 Stab: Sleeping          |     3 |       |     6 |     1 ||    10
  Eat: Chunk             |    18 |     8 |    43 |     4 ||    73
Armor: Robe              |    17 |    63 |    85 |     2 ||   167
Dodge: Dodged            |    30 |    95 |   170 |     7 ||   302
